 Dungeon Crawl Stone Soup version 0.28.0 (webtiles) character file.

Game seed: 14394049176793004403

99 Kaptain the Sneak (level 4, -3/38 HPs)
             Began as a Naga Fire Elementalist on Feb 18, 2022.
             Slain by a gnoll (12 damage)
             ... on level 2 of the Dungeon.
             The game lasted 00:06:19 (2580 turns).

Kaptain the Sneak (Naga Fire Elementalist)          Turns: 2580, Time: 00:06:20

Health: -3/38      AC:  2    Str: 10    XL:     4   Next: 72%
Magic:  8/8        EV:  9    Int: 18    God:
Gold:   88         SH:  0    Dex: 11    Spells: 5/8 levels left

rFire   . . .      SeeInvis +   e - +0 falchion
rCold   . . .      Faith    .   (no shield)
rNeg    . . .      Spirit   .   k - +0 leather armour
rPois   +          Reflect  .   (no helmet)
rElec   .          Harm     .   (no cloak)
rCorr   +          Rampage  .   (no gloves)
Will    .....      Rage     1%  (no barding)
Stlth   ++........              (no amulet)
HPRegen 0.00/turn               b - ring of resist corrosion
MPRegen 0.11/turn               (no ring)

@: inhibited regen, very slow
A: AC +1, large, see invisible, deformed body, poison resistance, slowness 2,
spit poison 1, naga tail 1, berserk 1, inhibited regeneration
a: Spit Poison


You were on level 2 of the Dungeon.
You visited 1 branch of the dungeon, and saw 3 of its levels.

You collected 88 gold pieces.

Inventory:

Hand Weapons
 e - a +0 falchion (weapon)
 j - a +0 spear
Armour
 k - a +0 leather armour (worn)
Jewellery
 b - a ring of resist corrosion (left hand)
Scrolls
 d - 2 scrolls of blinking {unknown}
 g - a scroll of enchant weapon {unknown}
 h - a scroll of immolation {unknown}
 i - 3 scrolls of teleportation {unknown}
 l - a scroll of enchant armour {unknown}
 m - a scroll of brand weapon {unknown}
Potions
 a - 2 potions of brilliance


   Skills:
 + Level 1.0 Fighting
 + Level 0.3 Armour
 + Level 1.9 Dodging
 + Level 3.6 Stealth
 * Level 2.7 Spellcasting
 * Level 2.1 Conjurations
 * Level 3.5 Fire Magic


You had 5 spell levels left.
You knew the following spells:

 Your Spells              Type           Power      Damage    Failure   Level
a - Foxfire               Conj/Fire      48%        2x1d6     7%          1
b - Scorch                Fire           30%        2d6       8%          2

Your spell library contained the following spells:

 Spells                   Type           Power      Damage    Failure   Level
 Conjure Flame            Conj/Fire      12%        6-21      22%         3
 Inner Flame              Hex/Fire       8%         N/A       32%         3
 Flame Wave               Conj/Fire      12%        2d6       56%         4


Dungeon Overview and Level Annotations

Branches:
Dungeon (3/15)

Altars:
Ashenzari

Annotations:
D:3 Sigmund


Innate Abilities, Weirdness & Mutations

Your serpentine skin is tough. (AC +1)
You have supernaturally acute eyesight. (SInv)
Armour fits poorly on your strangely shaped body.
Your system is resistant to poisons. (rPois)
You cover ground very slowly.
You can spit poison.
You have a snake-like lower body.
You tend to lose your temper in combat.
You do not regenerate when monsters are visible.


Message History

Unknown command.
Casting: Foxfire (safe; 8% risk of failure)
Confirm with . or Enter, or press ? or * to list all spells.
There is not enough space to conjure foxfire!
Unknown command.
You hit the gnoll but do no damage.
The gnoll is severely wounded.
The foxfire hits the gnoll.
You kill the gnoll!
Your foxfire dissipates!
You see here a +0 club.
You start resting.
Magic restored.
You start resting.
HP restored.
Really quaff the potion of mutation?
You feel extremely strange.
You no longer feel cold resistant.
You can once more read scrolls while threatened.
You feel a little pissed off.
Unknown command.
There is a stone staircase leading down here.
You climb downwards.
Level annotation: Sigmund The gnoll barely misses you.
The gnoll hits you from afar with a +0 halberd.
The gnoll hits you with a +3 flail of protection!
There is a stone staircase leading up, spattered with blood here.
Unknown command.
The gnoll hits you from afar with a +0 halberd.
The gnoll barely misses you.
You climb upwards.
There is a stone staircase leading down here.
Unknown command.
You closely miss the gnoll.
The gnoll hits you with a +3 flail of protection!
* * * LOW HITPOINT WARNING * * *
You hit the gnoll but do no damage.
The gnoll hits you with a +3 flail of protection!
You die...

#################
##.........).....#
......##########.#
............# #.#########
......#####.# #.........#
##.##.# #.# #.........#
......#####[####.รท.......#
................@........#
#......###..####.g.......#
##.#........)............#
...#.#.#########.##.######
#.##.#..............#
.....#.#########.####
#.####...#######.######
..<###.......#........#
.............#........#


You could see a gnoll.

Vanquished Creatures
  A jelly (D:2)
  A gnoll (D:2)
  An adder (D:2)
  A worm (D:3)
  A dart slug (D:1)
  4 ball pythons
  4 bats
  5 endoplasms
  4 giant cockroaches
  4 goblins
  6 hobgoblins
  A kobold (D:1)
  2 quokkas
  3 rats
38 creatures vanquished.

Vanquished Creatures (others)
  157 foxfires
157 creatures vanquished.

Grand Total: 195 creatures vanquished

Notes
Turn   | Place    | Note
-------+----------+-------------------------------------------
     0 | D:1      | Kaptain the Naga Fire Elementalist began the quest for the
                  | Orb.
     0 | D:1      | Reached XP level 1. HP: 15/15 MP: 3/3
     9 | D:1      | Found a faded altar of an unknown god.
   224 | D:1      | Reached XP level 2. HP: 22/22 MP: 1/5
  1192 | D:2      | Reached XP level 3. HP: 30/30 MP: 2/6
  1978 | D:2      | Found a broken altar of Ashenzari.
  2138 | D:3      | Noticed Sigmund
  2146 | D:2      | Reached skill level 1 in Fighting
  2146 | D:2      | Reached XP level 4. HP: 29/38 MP: 1/8
  2223 | D:2      | Learned a level 2 spell: Scorch
  2368 | D:2      | Gained mutation: Your flesh is cold resistant. (rC+)
                  | [potion of mutation]
  2368 | D:2      | Gained mutation: You sometimes lose the ability to read
                  | scrolls when taking damage. [potion of mutation]
  2368 | D:2      | Gained mutation: You do not regenerate when monsters are
                  | visible. [potion of mutation]
  2569 | D:2      | Lost mutation: Your flesh is cold resistant. (rC+) [potion
                  | of mutation]
  2569 | D:2      | Lost mutation: You sometimes lose the ability to read
                  | scrolls when taking damage. [potion of mutation]
  2569 | D:2      | Gained mutation: You tend to lose your temper in combat.
                  | [potion of mutation]
  2580 | D:2      | Slain by a gnoll

Illustrated notes

Levels and vault maps discovered:
D:1:      mushboom_english_gardens, layout_rooms, ebering_ecumenical_altar_box,
          grunt_decor_fettered, minmay_shallow_snake_nest
D:2:      layout_basic, basic_altar
D:3:      layout_rooms, gammafunk_ghost_split, kennysheep_decorative_pillar,
          uniq_sigmund

Skill      XL: |  1  2  3 |
---------------+----------+-----
Fighting       | 1 |  1.0
Conjurations   | 2 |  2.1
Armour         | |  0.3
Dodging        | |  1.9
Stealth        | |  3.6
Spellcasting   | |  2.7
Fire Magic     | |  3.5

Action                   |  1- 3 |  4- 6 || total
-------------------------+-------+-------++-------
Melee: Unarmed           |     1 |       ||     1
       Falchion          |    28 |    14 ||    42
       Punch             |     1 |       ||     1
 Cast: Foxfire           |    80 |    13 ||    93
  Use: Potion            |       |     5 ||     5
Armor: Robe              |     9 |       ||     9
       Leather armour    |     4 |     3 ||     7
Dodge: Dodged            |    34 |    18 ||    52
